 Dungeon Crawl Stone Soup version 0.16-a0-3602-g9bd3662 (webtiles) character file.

272 stonewall the Skirmisher (level 6, 0/52 HPs)
             Began as a Mummy Arcane Marksman on Jan 12, 2015.
             Slain by a rat (2 damage)
             ... on level 4 of the Dungeon.
             The game lasted 00:03:09 (1815 turns).

stonewall the Skirmisher (Mummy Arcane Marksman)    Turns: 1815, Time: 00:03:09

Health: 0/52       AC:  2    Str: 16    XL:     6   Next: 2%
Magic:  8/8        EV: 14    Int: 12    God:
Gold:   100        SH:  0    Dex: 11    Spells: 1 memorised, 6 levels left

rFire  x . .     SeeInvis .     b - +0 hunting sling
rCold  + + .     Clarity  .     a - +0 robe
rNeg   + + +     SustAb   .     (no shield)
rPois  ∞         Gourm    .     (no helmet)
rElec  .         Spirit   .     (no cloak)
rCorr  .         Warding  .     (no gloves)
rMut   .         Stasis   .     (no boots)
MR     .....                    (no amulet)
Stlth  +.........               i - +2 ring of evasion
                                h - ring of protection from cold

@: not resistant to hostile enchantments, very unstealthy
A: no food or potions, fire vulnerability, restore body, cold resistance 1,
negative energy resistance 3, poison resistance, torment resistance, unbreathing
a: no special abilities


You were on level 4 of the Dungeon.
You were not hungry.

You visited 1 branch of the dungeon, and saw 4 of its levels.

You collected 100 gold pieces.

Inventory:

Hand weapons
 b - a +0 hunting sling (weapon)
Missiles
 e - 92 stones (quivered)
Armour
 a - a +0 robe (worn)
 k - a +0 large shield
Jewellery
 h - a ring of protection from cold (left hand)
 i - a +2 ring of evasion (right hand)
Scrolls
 f - a scroll of identify
 g - 2 scrolls of amnesia
Books
 d - a book of Debilitation

   Spells                             Type                      Level
   a - Corona                         Hexes                        1
   b - Slow                           Hexes                        2
   c - Inner Flame                    Hexes/Fire                   3
   d - Enslavement                    Hexes                        4
   e - Cause Fear                     Hexes                        4
   f - Leda's Liquefaction            Hexes/Earth                  4


   Skills:
 + Level 6.1 Fighting
 - Level 1.5 Slings
 - Level 1.5 Dodging
 - Level 1.0 Spellcasting
 - Level 2.6 Hexes


You had 6 spell levels left.
You knew the following spells:

 Your Spells              Type           Power        Failure   Level  Hunger
a - Corona                Hex            #......      12%         1    N/A

Dungeon Overview and Level Annotations

Branches:
Dungeon (4/15)
 Temple: D:4-7

Altars:
Nemelex Xobeh
The Shining One

Annotations:
D:3 trelanon's ghost, average OgBe
D:4 gabygaby's ghost, average OpTm


Innate Abilities, Weirdness & Mutations

You do not eat or drink.
Your flesh is vulnerable to fire.
Your flesh is cold resistant.
You are immune to negative energy.
Your system is resistant to poisons.
You are immune to unholy pain and torment.
You can survive without breathing.


Message History

As you read the scroll labeled BICOF UFARHORCH, it crumbles to dust.
It is a scroll of identify.
Identify which item? (\ to view known items) (? for menu, Esc to quit)
g - 2 scrolls of amnesia The adder bites you.
* * * LOW HITPOINT WARNING * * *
The giant newt bites you but does no damage.
The giant newt closely misses you. The adder barely misses you.
A rat, 2 orcs and an orc wizard come into view.
The orc wizard shouts!
The orc shouts!
The adder bites you.
* * * LOW HITPOINT WARNING * * *
An orc comes into view.
The adder barely misses you.
The orc wizard glows brightly for a moment.
The adder bites you.
* * * LOW HITPOINT WARNING * * *
The rat bites you.
You die...

# #####
#.#<..########
#.((..(.......
#(........###
#......lS@#
#.......#r#
##.....##o#
##...##o.o
....###..o.
####.# #...##
#.# #.### ..
#. ..


You could see an orc wizard, an adder, 3 orcs, a giant newt and a rat.

Vanquished Creatures
  Grinder (D:4)
  An adder (D:2)
  3 worms (D:2)
  A giant gecko (D:3)
  2 oozes
  3 giant cockroaches
  7 hobgoblins
  2 jackals (D:2)
  7 kobolds
  6 bats
  6 goblins
  8 rats
47 creatures vanquished.

Notes
Turn   | Place    | Note
--------------------------------------------------------------
     0 | D:1      | stonewall, the Mummy Arcane Marksman, began the quest for the Orb.
     0 | D:1      | Reached XP level 1. HP: 15/15 MP: 2/2
   156 | D:1      | Reached XP level 2. HP: 22/22 MP: 3/3
   645 | D:1      | Found a sparkling altar of Nemelex Xobeh.
   974 | D:2      | Found a glowing golden altar of the Shining One.
  1041 | D:2      | Reached skill level 3 in Fighting
  1104 | D:2      | Reached XP level 3. HP: 29/29 MP: 4/4
  1570 | D:3      | Reached XP level 4. HP: 37/37 MP: 5/5
  1621 | D:3      | Noticed trelanon's ghost (average OgBe)
  1658 | D:4      | Reached skill level 4 in Fighting
  1664 | D:4      | Noticed Grinder
  1692 | D:4      | Noticed gabygaby's ghost (average OpTm)
  1695 | D:4      | Killed Grinder
  1695 | D:4      | Reached skill level 6 in Fighting
  1695 | D:4      | Reached XP level 5. HP: 23/46 MP: 7/7
  1695 | D:4      | Reached XP level 6. HP: 26/52 MP: 8/8
  1815 | D:4      | HP: 2/52 [adder (2)]
  1815 | D:4      | Slain by a rat

Action                   |  1- 3 |  4- 6 || total
-------------------------+-------+-------++-------
 Fire: Hunting sling     |   166 |    56 ||   222
  Use: Scroll            |       |     2 ||     2
